 Dungeon Crawl Stone Soup version 0.13-a0-2537-g1f6edf4 (webtiles) character file.

280 Kae the Ruinous (level 5, -3/28 HPs)
             Began as a Tengu Fire Elementalist on July 27, 2013.
             Slain by a centaur (10 damage)
             ... on Level 4 of the Dungeon.
             The game lasted 00:04:32 (2971 turns).

Kae the Ruinous (Tengu Fire Elementalist)           Turns: 2971, Time: 00:04:32

HP  -3/28        AC  3     Str  9      XL: 5   Next: 46%
MP   8/11        EV 12     Int 16      God:
Gold 115         SH  0     Dex 14      Spells:  3 memorised,  2 levels left

Res.Fire  : . . .   See Invis. : .   o - +1,+2 orc dagger
Res.Cold  : . . .   Warding    : .   a - +0 robe
Life Prot.: . . .   Conserve   : .   (no shield)
Res.Poison: .       Res.Corr.  : .   (helmet restricted)
Res.Elec. : .       Clarity    : .   (no cloak)
Sust.Abil.: . .     Spirit.Shd : .   k - +0 pair of gauntlets
Res.Mut.  : .       Stasis     : .   (boots unavailable)
Res.Rott. : .       Flight     : .   (no amulet)
Saprovore : . . .                    (no ring)
                                     (no ring)

@: slightly resistant to hostile enchantments, fairly stealthy
A: able to fly, beak, talons 3
a: Fly


You were on level 4 of the Dungeon.
You were not hungry.

You visited 1 branch of the dungeon, and saw 4 of its levels.

You collected 95 gold pieces.

Inventory:

Hand weapons
 o - a +1,+2 orcish dagger (weapon)
Armour
 a - a +0 robe (worn)
 k - a +0 pair of gauntlets (worn)
Comestibles
 c - 3 bread rations
 q - a meat ration
Scrolls
 f - 7 scrolls of identify {unknown}
 h - 2 scrolls of curse jewellery {unknown}
 j - 2 scrolls of enchant weapon I {unknown}
 l - 4 scrolls of remove curse {unknown}
 m - a scroll of teleportation {unknown}
 n - a scroll of amnesia {unknown}
 p - a scroll of curse armour {unknown}
Jewellery
 i - an uncursed amulet of faith {unknown}
Potions
 d - 3 potions of brilliance {unknown}
 e - 2 potions of heal wounds {unknown}
 g - 5 potions of curing {unknown}
 r - a potion of might {unknown}
Books
 b - a book of Flames

   Spells                             Type                      Level
   *Flame Tongue                      Conjuration/Fire             1
   *Throw Flame                       Conjuration/Fire             2
   *Conjure Flame                     Conjuration/Fire             3
   Inner Flame                        Hexes/Fire                   3
   Sticky Flame                       Conjuration/Fire             4
   Fireball                           Conjuration/Fire             5


   Skills:
 - Level 2.1 Dodging
 - Level 2.0 Stealth
 + Level 2.2 Spellcasting
 * Level 5.2 Conjurations
 + Level 4.1 Fire Magic


You had 2 spell levels left.
You knew the following spells:

 Your Spells              Type           Power        Failure   Level  Hunger
a - Flame Tongue          Conj/Fire      ###..        3%          1    #......
b - Throw Flame           Conj/Fire      ###...       6%          2    ##.....
c - Conjure Flame         Conj/Fire      ###.....     12%         3    ####...


Dungeon Overview and Level Annotations

Branches:
Dungeon (4/27)
 Temple: D:4-7

Altars:
Nemelex Xobeh


Innate Abilities, Weirdness & Mutations

You can fly.
You have a beak for a mouth.
You have claws for feet.


Message History

The centaur hits you! The centaur hits you.
* * * LOW HITPOINT WARNING * * *
Casting: Flame Tongue
Confirm with . or Enter, or press ? or * to list all spells.
Aiming: Flame Tongue
Press: ? - help, Shift-Dir - straight line, f/p - centaur
Aim: a centaur (moderately wounded)
The flame hits the centaur.
The centaur appears unharmed.
The centaur is moderately wounded.
The centaur hits you.
* * * LOW HITPOINT WARNING * * *
Casting: Flame Tongue
Confirm with . or Enter, or press ? or * to list all spells.
Aiming: Flame Tongue
Press: ? - help, Shift-Dir - straight line, f/p - centaur
Aim: a centaur (moderately wounded)
The flame hits the centaur.
The centaur is heavily wounded.
The centaur barely misses you. The centaur hits you!
You die...

#.####.#
#.#
#......#
#.#
########
#.. # .
#####. .#.
#....[ ...
#.###. #.#
## #.# ##
#.# ##c#
#.# # #.#
#@###
#.####
#.###?#..#
#.....
#.##.##.##
#.####
#.#.#...#
#.# #
##.##..##
#.# ##
#.#....##
... ..
###..#..##
..###.
#...#...#
.#.. ..
#.#.#.#.#
### ...#
#.


You could see a centaur.

Vanquished Creatures
  An orc wizard (D:4)
  Ijyb (D:3)
  Jessica (D:3)
  A gnoll (D:1)
  2 adders
  A giant mite (D:4)
  A worm (D:3)
  An adder skeleton (D:4)
  A giant gecko (D:3)
  2 orcs (D:4)
  2 giant cockroaches
  9 goblins
  7 hobgoblins
  3 quokkas
  10 bats
  3 giant newts
  3 jackals (D:4)
  6 kobolds
  5 rats
60 creatures vanquished.

Notes
Turn   | Place    | Note
--------------------------------------------------------------
     0 | D:1      | Kae, the Tengu Fire Elementalist, began the quest for the Orb.
     0 | D:1      | Reached XP level 1. HP: 10/10 MP: 3/3
   314 | D:1      | Reached XP level 2. HP: 15/15 MP: 1/5
   649 | D:1      | Reached XP level 3. HP: 19/19 MP: 4/6
   708 | D:2      | Found a sparkling altar of Nemelex Xobeh.
  1433 | D:3      | Noticed Ijyb
  1440 | D:3      | Killed Ijyb
  1440 | D:3      | Reached skill level 4 in Conjurations
  1440 | D:3      | Reached XP level 4. HP: 16/24 MP: 1/8
  1812 | D:3      | Noticed Jessica
  1817 | D:3      | Killed Jessica
  2060 | D:3      | Noticed an ogre
  2079 | D:2      | Learned a level 2 spell: Throw Flame
  2088 | D:2      | Learned a level 3 spell: Conjure Flame
  2623 | D:4      | Reached XP level 5. HP: 25/28 MP: 9/11
  2750 | D:4      | Reached skill level 5 in Conjurations
  2958 | D:4      | Noticed a centaur
  2971 | D:4      | Slain by a centaur

Action                   |  1- 3 |  4- 6 || total
-------------------------+-------+-------++-------
Melee: Unarmed           |    15 |     6 ||    21
 Cast: Flame Tongue      |    46 |    68 ||   114
